 Dungeon Crawl Stone Soup version 0.31-a0-313-g785cd24033 (webtiles) character file.

Game seed: 12492337913842712060

821 bmuutr the Trooper (level 8, -2/58 HPs)
             Began as a Djinni Cinder Acolyte on July 17, 2023.
             Was a High Priest of Ignis.
             Slain by a sleepcap (4 damage)
             ... on level 4 of the Dungeon.
             The game lasted 00:25:24 (4505 turns).

bmuutr the Trooper (Djinni Cinder Acolyte)          Turns: 4505, Time: 00:25:24

Health: -2/58      AC:  6    Str: 13    XL:     8   Next: 17%
Gold:   1332       EV: 12    Int: 16    God:    Ignis [*****.] SH:  0 Dex: 11

rFire   + + +        a - +0 falchion (flame)
rCold   x . .        (no shield)
rNeg    . . .        b - +1 robe
rPois   ∞            (no helmet)
rElec   .            (no cloak)
rCorr   .            h - +2 pair of gloves
SInv    .            (boots unavailable)
Will    .....        (no amulet)
Stlth   ++           (no ring)
HPRegen 0.29/turn    (no ring)
MPRegen 0.00/turn

%: infuse magic (-3 HP)
@: flying
A: sickness immunity, fire resistance 2, cold vulnerability 1, float, innate
caster, HP casting, extra vitality 1
a: Renounce Religion, Fiery Armour, Foxfire Swarm, Rising Flame


You were on level 4 of the Dungeon.
You worshipped Ignis.
Ignis was extremely pleased with you.
You visited 1 branch of the dungeon, and saw 6 of its levels.

You collected 1378 gold pieces.
You spent 46 gold pieces at shops.

Inventory:

Hand Weapons
 a - a +0 falchion of flaming (weapon)
Missiles
 d - 3 boomerangs
 n - 9 poisoned darts (quivered)
Armour
 b - a +1 robe (worn)
 h - a +2 pair of gloves (worn)
Wands
 m - a wand of flame (14)
 s - a wand of polymorph (8)
Scrolls
 e - 2 scrolls of fear
 l - a scroll of poison
 o - a scroll of blinking
 p - 2 scrolls of revelation
 r - a scroll of teleportation
Potions
 c - a potion of heal wounds {unknown}
 f - a potion of mutation {unknown}
 g - a potion of haste {unknown}
 i - a potion of attraction {unknown}
 j - 2 potions of degeneration {unknown}
 k - a potion of enlightenment {unknown}
 q - a potion of resistance {unknown}


   Skills:
 * Level 4.7 Fighting
 * Level 4.4 Long Blades
 * Level 3.1 Armour
 * Level 3.5 Dodging
 * Level 2.8 Stealth
 * Level 3.2 Spellcasting
 * Level 3.2 Conjurations
 * Level 3.2 Hexes
 * Level 3.2 Summonings
 * Level 3.2 Necromancy
 * Level 3.2 Translocations
 * Level 3.2 Transmutations
 * Level 3.2 Fire Magic
 * Level 3.2 Ice Magic
 * Level 3.2 Air Magic
 * Level 3.2 Earth Magic
 * Level 3.2 Poison Magic


You knew the following spells:

 Your Spells              Type           Power      Damage    Failure   Level
a - Scorch                Fire           24%        2d6       8%          2
b - Freeze                Ice            48%        1d6       4%          1
c - Passwall              Tmut/Erth      10%        N/A       8%          2
d - Inner Flame           Hex/Fire       12%        N/A       14%         3
Your spell library was empty.

Dungeon Overview and Level Annotations

Branches:
Dungeon (6/15)
 Temple: D:4-7

Altars:
Ashenzari
Cheibriados
Fedhas
Okawaru
Qazlal

Shops:
D:2 (*

Annotations:
D:4 Eustachio, Pikel
D:6 Blork the orc


Innate Abilities, Weirdness & Mutations

You are immune to sickness and miasma.
You are immune to poison.
Your flesh is very heat resistant. (rF++)
You are vulnerable to cold. (rC-)
You float through the air rather than walking.
You learn spells naturally, not from books.
Your magical power is your life essence.
You have superior vitality. (+4 MHP)


Message History

There is a stone staircase leading down here.
You fly downwards.
Level annotation: Blork the orc The ice beast hits you.
The ice beast freezes you!!
You feel a terrible chill! The ice beast hits you. The ice beast freezes you!
You feel a terrible chill!
There is a stone staircase leading up here.
The ice beast hits you but does no damage.
The sleepcap releases spores at you but does no damage.
You fly upwards.
There is a stone staircase leading down here.
The sleepcap releases spores at you.
There is a stone staircase leading up here.
The ice beast hits you.
* * * LOW HITPOINT WARNING * * *
The ice beast freezes you!
You feel a terrible chill!
* * * LOW HITPOINT WARNING * * *
The sleepcap releases spores at you but does no damage.
You fly upwards.
Level annotation: Eustachio, Pikel
There is a stone staircase leading down here.
Casting: Scorch (safe; 8% risk of failure)
Confirm with . or Enter, or press ? or * to list all spells.
Flames lash the ice beast.
The ice beast melts!
The ice beast is moderately wounded.
The ice beast's fire resistance burns away.
* * * LOW HITPOINT WARNING * * *
The sleepcap releases spores at you but does no damage.
The ice beast barely misses you.
Unknown command.
Casting: Scorch (safe; 8% risk of failure)
Confirm with . or Enter, or press ? or * to list all spells.
You don't have enough health to cast this spell.
Unknown command.
Casting: Scorch (safe; 8% risk of failure)
Confirm with . or Enter, or press ? or * to list all spells.
You don't have enough health to cast this spell.
You closely miss the ice beast.
The ice beast is moderately wounded.
The sleepcap releases spores at you.
You die...

#.##### #######....[#
#........##.#
#.######.##.#
#.#..#....†.#
####....#.####.#######
#......##.............
####'#############.#####.
#.....##@Y...............
#.....##f##.###....#..##.
#.....##.##........#.....
#.....#............#.###.
#.....#...####.##........
#.....#<.....#.###.#..##.
#.......#........#.#.....
#.......#..#..#....##....
#..........#.......##.###


You could see an ice beast (combustible) and a sleepcap.

Vanquished Creatures
  An ogre (D:5)
  3 lemures (D:3)
  A phantom (D:5)
  A howler monkey (D:5)
  3 jellies
  An orc priest (D:3)
  4 hounds
  A sleepcap (D:5)
  Jessica (D:2)
  An orc wizard (D:3)
  3 iguanas
  8 adders
  8 gnolls
  An ufetubus (D:4)
  A worm (D:3)
  2 dart slugs
  7 orcs
  2 bats (D:1)
  An endoplasm (D:2)
  3 giant cockroaches
  6 goblins
  9 hobgoblins
  8 kobolds
  3 quokkas
  7 ball pythons
  2 frilled lizards (D:2)
  9 rats
97 creatures vanquished.

Notes
Turn   | Place    | Note
-------+----------+-------------------------------------------
     0 | D:1      | bmuutr the Djinni Cinder Acolyte began the quest for the
                  | Orb.
     0 | D:1      | bmuutr set off with the following spells memorised: Scorch.
     0 | D:1      | Reached XP level 1. HP: 20/20 MP: 0/0
   123 | D:1      | Reached XP level 2. HP: 23/25 MP: 0/0
   624 | D:1      | You are sucked into a shaft and drop 1 floor!
   701 | D:2      | Found Duugacan's Weapon Shop.
   716 | D:2      | Reached XP level 3. HP: 23/30 MP: 0/0
   716 | D:2      | Learned a level 1 spell: Freeze
  1131 | D:2      | Noticed Jessica
  1169 | D:2      | Reached XP level 4. HP: 32/35 MP: 0/0
  1178 | D:2      | Reached skill level 1 in Dodging
  1247 | D:2      | Found Ulal's General Store.
  1318 | D:2      | Killed Jessica
  1319 | D:2      | Reached skill level 1 in Stealth
  1442 | D:2      | Found a faded altar of an unknown god.
  1719 | D:3      | Found a blossoming altar of Fedhas.
  1815 | D:3      | Reached skill level 1 in Armour
  1815 | D:3      | Reached XP level 5. HP: 34/40 MP: 0/0
  1815 | D:3      | Learned a level 2 spell: Passwall
  2468 | D:3      | Reached XP level 6. HP: 46/47 MP: 0/0
  2618 | D:4      | Found an iron altar of Okawaru.
  2734 | D:4      | Found a stormy altar of Qazlal.
  2736 | D:4      | Noticed Eustachio
  2822 | D:2      | Bought 6 poisoned darts for 46 gold pieces
  2983 | D:4      | Noticed Pikel
  3320 | D:5      | Entered Level 5 of the Dungeon
  3526 | D:5      | Noticed an ogre
  3638 | D:5      | Reached XP level 7. HP: 43/52 MP: 0/0
  3638 | D:5      | Learned a level 3 spell: Inner Flame
  3871 | D:5      | Found a broken altar of Ashenzari.
  4224 | D:5      | Identified a scroll of acquirement
  4224 | D:5      | Acquired 1117 gold pieces
  4235 | D:6      | Noticed Blork the orc
  4239 | D:6      | Reached XP level 8. HP: 54/58 MP: 0/0
  4396 | D:6      | Found a snail-covered altar of Cheibriados.
  4505 | D:4      | Slain by a sleepcap

Illustrated notes

Levels and vault maps discovered:
D:1:      grunt_arrival_lava_bath, layout_basic
D:2:      layout_basic, dreamdust_ecumenical_altar_hidden_monk_grotto,
          serial_shops, shop, shop, serial_forest, infiniplex_forest_clump_tiny,
          infiniplex_forest_zigzag_2, infiniplex_forest_lined_2,
          infiniplex_forest_clump_small, infiniplex_forest_corner_1,
          infiniplex_forest_lined_4_way, infiniplex_forest_lined_1, uniq_jessica
D:3:      layout_basic, fedhas_altar_3
D:4:      gammafunk_steamed_eel, layout_basic,
          grunt_temple_overflow_order_and_chaos_2,
          nicolae_qazlal_general_emergency, mainiacjoe_overflow_cross_hatched,
          eino_small_chamber_without_monster, uniq_eustachio, uniq_pikel,
          uniq_menkaure
D:5:      layout_rooms, mainiacjoe_overflow_24_doors, st_stairs_14
D:6:      layout_gridville, kennysheep_slug_shrine,
          lemuel_zombie_altar_yredelemnul, serial_bayou_lagoon_b,
          uniq_blork_the_orc

Skill      XL: |  1  2  3  4  5  6  7  8 |
---------------+-------------------------+-----
Long Blades    | 3 4 |  4.4
Dodging        | 1 2 3 |  3.5
Stealth        | 1 2 |  2.8
Armour         | 1 2 3 |  3.1
Fighting       | 4 |  4.7
Spellcasting   | 3 |  3.2
Conjurations   | 3 |  3.2
Hexes          | 3 |  3.2
Summonings     | 3 |  3.2
Necromancy     | 3 |  3.2
Translocations | 3 |  3.2
Transmutations | 3 |  3.2
Fire Magic     | 3 |  3.2
Ice Magic      | 3 |  3.2
Air Magic      | 3 |  3.2
Earth Magic    | 3 |  3.2
Poison Magic   | 3 |  3.2

Action                     |  1- 3 |  4- 6 |  7- 9 || total
---------------------------+-------+-------+-------++-------
  Melee: Falchion          |    87 |   112 |     8 ||   207
         Punch             |       |     1 |       ||     1
   Cast: Scorch            |    11 |    63 |    38 ||   112
    Use: Scroll            |     2 |     7 |     2 ||    11
   Stab: Distracted        |       |     1 |       ||     1
 Armour: Robe              |    34 |    44 |    13 ||    91
  Dodge: Dodged            |    59 |    93 |    11 ||   163

Table legend: (Time is in decaauts)
 A = Elapsed time spent in this place.
 B = Non-inter-level travel time spent in this place.
 C = Inter-level travel time spent in this place.
 D = Time resting spent in this place.
 E = Time spent auto-exploring this place.
 F = Levels seen in this place.
 G = Mean time per level.
                   A        B        C        D        E       F      G
               +--------+--------+--------+--------+--------+-----+--------+
         Total |   4542 |   3976 |    566 |    444 |   1430 |   6 |  757.0 |
       Dungeon |   4542 |   3976 |    566 |    444 |   1430 |   6 |  757.0 |
               +--------+--------+--------+--------+--------+-----+--------+

Top non-repeatable levels by time:
     D:3: 1454 daAuts
     D:5: 1036 daAuts
     D:1: 915 daAuts
     D:2: 861 daAuts
     D:4: 206 daAuts
     D:6: 67 daAuts
